 Dungeon Crawl Stone Soup version 0.30-a0-1161-g0704695555 (webtiles) character file.

Game seed: 10214637815746847891

102 funkygono the Covered (level 4, -1/40 HPs)
             Began as a Minotaur Fighter on Apr 27, 2023.
             Killed from afar by an orc wizard (6 damage)
             ... with a puff of flame
             ... on level 3 of the Dungeon.
             The game lasted 00:03:01 (2254 turns).

funkygono the Covered (Minotaur Fighter)            Turns: 2254, Time: 00:03:02

Health: -1/40      AC:  7    Str: 23    XL:     4   Next: 50%
Magic:  0/3        EV:  9    Int:  5    God:
Gold:   88         SH:  0    Dex:  9    Spells: 3/3 levels left

rFire   . . .        a - +0 war axe
rCold   . . .        c - +0 buckler
rNeg    + . .        b - +0 scale mail
rPois   .            (helmet restricted)
rElec   .            (no cloak)
rCorr   .            (no gloves)
SInv    .            (no boots)
Will    .....        o - amulet of guardian spirit Stlth
                     j - ring of positive energy
HPRegen 0.26/turn    (no ring)
MPRegen 0.08/turn

%: guardian spirit
@: confused, mighty
A: horns 2, retaliatory headbutt
a: no special abilities


You were on level 3 of the Dungeon.
You visited 1 branch of the dungeon, and saw 3 of its levels.

You collected 88 gold pieces.

Inventory:

Hand Weapons
 a - a +0 war axe (weapon)
Missiles
 m - 6 boomerangs (quivered)
Armour
 b - a +0 scale mail (worn)
 c - a +0 buckler (worn)
Jewellery
 j - a ring of positive energy (left hand)
 o - an amulet of guardian spirit (around neck)
Scrolls
 e - 4 scrolls of teleportation {unknown}
 g - a scroll of fog {unknown}
 k - a scroll of identify {unknown}
 n - a scroll of acquirement {unknown}
 p - a scroll of poison {unknown}
Potions
 d - 2 potions of might
 f - a potion of lignification {unknown}
 h - 4 potions of heal wounds {unknown}
 i - 2 potions of curing {unknown}
 l - 2 potions of flight {unknown}
 q - a potion of mutation {unknown}
 r - a potion of berserk rage {unknown}


   Skills:
 + Level 4.3 Fighting
 + Level 4.2 Axes
 + Level 4.4 Armour
 + Level 0.3 Dodging
 + Level 0.1 Stealth
 + Level 3.9 Shields


You had 3 spell levels left.
You didn't know any spells.
Your spell library contained the following spells:

 Spells                   Type           Power      Damage    Failure   Level
 Lesser Beckoning         Tloc           0%         N/A       93%         2
 Gell's Gravitas          Tloc           0%         N/A       99%         3
 Teleport Other           Tloc           0%         N/A       99%         3


Dungeon Overview and Level Annotations

Branches:
Dungeon (3/15)

Altars:
Qazlal
Yredelemnul

Shops:
D:2 *


Innate Abilities, Weirdness & Mutations

You have a pair of horns on your head.
You reflexively headbutt those who attack you in melee.


Message History

The jackal bites the bush but does no damage.
Something hits the bush but does no damage.
The jackal bites you but does no damage.
Your Axes skill increases to level 4!
You closely miss the jackal. You slash the bush! x2
You block the jackal's attack.
Something hits the bush but does no damage.
You closely miss the jackal. You hit the bush but do no damage.
You hit the bush. The jackal barely misses you.
Something hits the bush but does no damage.
The jackal bites you.
Something hits the bush but does no damage.
You barely miss the jackal. You headbutt the jackal.
You kill the jackal!
You hit the bush. You slash the bush!
Something hits the bush but does no damage.
The jackal barely misses you.
You slice the jackal!!
You kill the jackal!
You hit the bush. x2
You barely miss something. You hit the bush. x2
You hear some strange, mumbled words.
A magic dart appears from out of thin air!
The magic dart hits you but does no damage.
You hear some strange, mumbled words.
You are confused.
Unknown command.
You closely miss something. You barely miss the bush. You slash the bush!
Something hits you.
* * * LOW HITPOINT WARNING * * *
You slash the bush!
The bush is severely damaged.
You closely miss something. You hit the bush.
Something hits you but does no damage.
You bump into the rock wall.
Something hits you but does no damage.
You barely miss something. Your headbutt misses something. You hit the bush. x2
You hear some strange, mumbled words.
A puff of flame appears from out of thin air!
The puff of flame hits you!
You die...

############# .
#...........#
.###.P.PPPPP.P.#
......P.......P.######
....##..P.P...P.P......#
....##..P.P._.P.P.......
..h.h...P.P...P.P.......
####{P.......P.......
#@P.PPPPP.P.......
#.............|...
#...................
#...................
..........#.........#
..............##...##..
.............)...#....#
####............#####..
##########..........


There were no monsters in sight!

Vanquished Creatures
  An orc wizard (D:3)
  2 adders
  A worm (D:3)
  A dart slug (D:1)
  An orc (D:3)
  4 endoplasms
  3 giant cockroaches
  5 goblins
  3 hobgoblins
  6 jackals
  A quokka (D:2)
  3 ball pythons
  4 bats
  2 frilled lizards
  8 kobolds
  5 rats
50 creatures vanquished.

Notes
Turn   | Place    | Note
-------+----------+-------------------------------------------
     0 | D:1      | funkygono the Minotaur Fighter began the quest for the Orb.
     0 | D:1      | Reached XP level 1. HP: 19/19 MP: 0/0
   362 | D:1      | Reached XP level 2. HP: 17/27 MP: 1/1
  1195 | D:2      | Reached XP level 3. HP: 19/33 MP: 2/2
  1305 | D:2      | Found a stormy altar of Qazlal.
  1397 | D:2      | Found Nydoil's General Store.
  2123 | D:3      | Reached XP level 4. HP: 40/40 MP: 3/3
  2204 | D:3      | Found a basalt altar of Yredelemnul.
  2243 | D:3      | HP: 2/40 [orc wizard/+0 dagger (2)]
  2254 | D:3      | Killed from afar by an orc wizard

Illustrated notes

Levels and vault maps discovered:
D:1:      scummos_arrival_simple_fountains, layout_basic,
          dreamdust_princess_bridge
D:2:      layout_basic, serial_shops, shop, basic_altar
D:3:      layout_rooms, mainiacjoe_overflow_cross_hatched,
          cheibrodos_sewer_entry_bend, nicolae_underground_beach

Skill      XL: |  1  2  3  4 |
---------------+-------------+-----
Armour         | 4 |  4.4
Axes           | 3 4 |  4.2
Fighting       | 4 |  4.3
Dodging        | |  0.3
Stealth        | |  0.1
Shields        | |  3.9

Action                     |  1- 3 |  4- 6 || total
---------------------------+-------+-------++-------
  Melee: War axe           |   100 |    31 ||   131
         Headbutt          |    12 |     2 ||    14
    Use: Potion            |       |     1 ||     1
 Armour: Scale mail        |    60 |    16 ||    76
  Dodge: Dodged            |    57 |    10 ||    67
  Block: Buckler           |    19 |     3 ||    22

Table legend: (Time is in decaauts)
 A = Elapsed time spent in this place.
 B = Non-inter-level travel time spent in this place.
 C = Inter-level travel time spent in this place.
 D = Time resting spent in this place.
 E = Time spent auto-exploring this place.
 F = Levels seen in this place.
 G = Mean time per level.
                   A        B        C        D        E       F      G
               +--------+--------+--------+--------+--------+-----+--------+
         Total |   2300 |   2153 |    147 |      0 |   1753 |   3 |  766.7 |
       Dungeon |   2300 |   2153 |    147 |      0 |   1753 |   3 |  766.7 |
               +--------+--------+--------+--------+--------+-----+--------+

Top non-repeatable levels by time:
     D:1: 1069 daAuts
     D:2: 1068 daAuts
     D:3: 162 daAuts
